 Dungeon Crawl Stone Soup version 0.24.0-124-g2791043dd8 (webtiles) character file.

Game seed: 8785193144199943338, levelgen mode: deterministic

618 Amplified the Chiller (level 7, -5/36 HPs)
             Began as a Vine Stalker Ice Elementalist on Feb 14, 2020.
             Was a Follower of the Shining One.
             Slain by an ogre
             ... wielding a +0 giant club
              (21 damage)
             ... on level 5 of the Dungeon.
             The game lasted 00:08:09 (3875 turns).

Amplified the Chiller (VSIE)                        Turns: 3875, Time: 00:08:10

Health: -5/36      AC:  4    Str: 12    XL:     7   Next: 45%
Magic:  0/22       EV: 13    Int: 15    God:    the Shining One [*.....]
Gold:   165        SH:  5    Dex: 15    Spells: 8/13 levels left

rFire    . . .     SeeInvis .   d - +0 mace
rCold    . . .     Gourm    .   b - +0 buckler
rNeg     . . .     Faith    .   a - +0 robe
rPois    .         Spirit   +   (no helmet)
rElec    .         Reflect  .   g - +0 cloak
rCorr    .         Harm     .   m - +0 pair of gloves (curse)
MR       .....                  (no boots)
Stlth    +.........             (no amulet)
HPRegen  0.52/turn              f - ring of magical power
MPRegen  0.18/turn              (no ring)

@: glowing, lightly drained
A: fangs 2, regeneration 1, magic shield, antimagic bite, no potion heal 3, rot
immunity
a: Renounce Religion


You were on level 5 of the Dungeon.
You worshipped the Shining One.
The Shining One was aware of your devotion.
You were not hungry.

You visited 1 branch of the dungeon, and saw 5 of its levels.

You collected 165 gold pieces.

Inventory:

Hand Weapons
 d - a +0 mace (weapon)
Missiles
 e - a poisoned dart (quivered)
Armour
 a - a +0 robe (worn)
 b - a +0 buckler (worn)
 g - a +0 cloak (worn)
 m - a cursed +0 pair of gloves (worn)
Jewellery
 f - a ring of magical power (left hand)
Scrolls
 k - a scroll of teleportation
 o - a scroll of amnesia
Potions
 h - a potion of brilliance
 i - 2 potions of curing
 n - a potion of ambrosia {unknown}
Comestibles
 c - 4 rations


   Skills:
 * Level 3.0(2.7) Fighting
 + Level 2.6(2.4) Dodging
 - Level 2.6(2.3) Stealth
 * Level 3.0(2.7) Shields
 * Level 3.6(3.3) Spellcasting
   Level 1.0(0.7) Conjurations
 * Level 2.4(2.1) Charms
 * Level 4.4(4.1) Ice Magic


You had 8 spell levels left.
You knew the following spells:

 Your Spells              Type           Power        Failure   Level  Hunger
a - Ozocubu's Armour      Chrm/Ice       ##......     19%         3    ###....
b - Confusing Touch       Hex            #.....       22%         1    #......
c - Apportation           Tloc           #.....       22%         1    #......

Your spell library contained the following spells:

 Spells                   Type           Power        Failure   Level  Hunger
 Freeze                   Ice            ##..         4%          1    #......
 Throw Frost              Conj/Ice       #.....       13%         2    ##.....
 Animate Skeleton         Necr           N/A          22%         1    #......
 Summon Small Mammal      Summ           #...         22%         1    #......
 Confuse                  Hex            #.......     56%         3    ###....
 Gell's Gravitas          Tloc           #.........   56%         3    ###....
 Throw Icicle             Conj/Ice       #.......     63%         4    #####..
 Summon Ice Beast         Ice/Summ       #.......     67%         4    #####..
 Petrify                  Tmut/Erth      #.......     92%         4    #####..
 Metabolic Englaciation   Hex/Ice        #.........   95%         5    ######.
 Yara's Violent Unravell  Hex/Tmut       #.........   99%         5    ######.


Dungeon Overview and Level Annotations

Branches:
Dungeon (5/15)
 Temple: D:4-7

Altars:
Elyvilon
Gozag
Okawaru
Ru
Sif Muna
The Shining One

Annotations:
D:4 Dowan


Innate Abilities, Weirdness & Mutations

You have extremely sharp teeth.
Your natural rate of healing is unusually fast.
When hurt, damage is shared between your health and your magic reserves.
Your bite disrupts and absorbs the magic of your enemies.
Potions cannot restore your health.
You are immune to rotting.


Message History

Things that are here:
a +0 shortbow; 16 arrows The ogre looks more healthy.
You see here an arrow.
Throwing (i - inventory)
e - 3 poisoned darts (quivered)
Press: ? - help, Shift-Dir - straight line, f/p - ogre
Aim: an ogre, wielding a +0 giant club (almost dead)
You throw a poisoned dart. The poisoned dart hits the ogre.
The ogre is poisoned.
The ogre is almost dead.
The ogre hits you with a +0 giant club!!
The ogre looks more healthy.
Throwing (i - inventory)
e - 2 poisoned darts (quivered)
Press: ? - help, Shift-Dir - straight line, f/p - ogre
Aim: an ogre, wielding a +0 giant club (almost dead, haloed)
You throw a poisoned dart. The poisoned dart hits the ogre.
The ogre is almost dead.
The ogre hits you with a +0 giant club!!
Ouch! That really hurt!
You die...

..........# .#.....#..#####
...._.........#
.#)....#.####.#########
.........#..(....(..)(#
.#.⌠.⌠.#.#.##.#######(#
.........#.##.#....>#(#
.#.....#.#.##.#.###.#.#
.........#.##.#.@O....#
###..#####.##.#####)########
...(...(..>##.#...........<#
#############.###.#.########
# #.# #.#.# # #.# #.#.# #
#.# #.#.# # #.# #.#.# # #.#
#.#.#


You could see an ogre.

Vanquished Creatures
  Duvessa (D:4)
  A phantom (D:4)
  A centaur (D:5)
  A howler monkey (D:4)
  A crimson imp (D:5)
  A bullfrog zombie (D:5)
  Crazy Yiuf (D:4)
  4 worker ants
  A gnoll (D:1)
  2 adders
  A worm (D:4)
  4 dart slugs
  7 leopard geckos
  5 orcs
  A ball python (D:5)
  3 giant cockroaches
  8 goblins
  8 hobgoblins
  3 jackals (D:3)
  A quokka (D:4)
  7 bats
  10 kobolds
  5 rats
77 creatures vanquished.

Notes
Turn   | Place    | Note
-------+----------+-------------------------------------------
     0 | D:1      | Amplified the Vine Stalker Ice Elementalist began the quest
                  | for the Orb.
     0 | D:1      | Reached XP level 1. HP: 9/9 MP: 4/4
   442 | D:2      | Found a glowing golden altar of the Shining One.
   442 | D:2      | Found an opulent altar of Gozag.
   510 | D:2      | Became a worshipper of the Shining One
   573 | D:2      | Reached XP level 2. HP: 11/14 MP: 6/6
   747 | D:2      | Reached skill level 1 in Fighting
   747 | D:2      | Reached skill level 1 in Shields
  1147 | D:2      | Learned a level 1 spell: Confusing Touch
  1213 | D:2      | Found a sacrificial altar of Ru.
  1213 | D:2      | Found a shimmering blue altar of Sif Muna.
  1465 | D:1      | Reached XP level 3. HP: 18/18 MP: 7/7
  1901 | D:1      | Gained mutation: Your natural rate of healing is unusually
                  | fast. [Vine Stalker growth]
  1901 | D:1      | Reached XP level 4. HP: 20/22 MP: 8/8
  1945 | D:1      | Learned a level 3 spell: Ozocubu's Armour
  2568 | D:3      | Found an iron altar of Okawaru.
  2946 | D:4      | Reached XP level 5. HP: 26/26 MP: 9/9
  2955 | D:4      | Noticed Duvessa
  2975 | D:3      | Reached skill level 1 in Charms
  3038 | D:4      | Noticed a phantom
  3082 | D:4      | Killed a phantom
  3082 | D:4      | Reached XP level 6. HP: 21/30 MP: 11/11
  3117 | D:4      | Found a runed translucent door.
  3120 | D:4      | Learned a level 1 spell: Apportation
  3120 | D:4      | Noticed Crazy Yiuf
  3165 | D:4      | Killed Crazy Yiuf
  3345 | D:4      | Reached skill level 4 in Ice Magic
  3404 | D:4      | Noticed Dowan
  3435 | D:4      | Killed Duvessa
  3435 | D:4      | Reached XP level 7. HP: 28/35 MP: 12/12
  3598 | D:5      | Entered Level 5 of the Dungeon
  3751 | D:5      | Found a white marble altar of Elyvilon.
  3753 | D:5      | Reached * piety under the Shining One
  3875 | D:5      | Slain by an ogre

Levels and vault maps discovered:
D:1:      lightli_arrival_isolated_outpost, layout_basic, chequers_garden,
          minmay_tetromino_s2
D:2:      layout_basic, gammafunk_temple_overflow_wave,
          gammafunk_temple_overflow_elements
D:3:      layout_loops_cross, lemuel_round_altar
D:4:      layout_rooms, uniq_duvessa, uniq_crazy_yiuf_cottage
D:5:      minmay_clustersquares, layout_basic, lemuel_round_altar,
          elyvilon_altar_5, first_ration, serial_shops, shop, uniq_sigmund

Skill      XL: |  1  2  3  4  5  6  7 |
---------------+----------------------+-----
Fighting       | 1 2 3 |  3.0
Shields        | 1 2 3 |  3.0
Dodging        | 2 |  2.6
Charms         | 1 2 |  2.4
Spellcasting   | 3 |  3.6
Ice Magic      | 4 |  4.4
Stealth        | |  2.6
Conjurations   | |  1.0

Action                   |  1- 3 |  4- 6 |  7- 9 || total
-------------------------+-------+-------+-------++-------
Melee: Mace              |    95 |   196 |    68 ||   359
       Bite              |    11 |    39 |    17 ||    67
Throw: Dart              |    11 |     4 |    11 ||    26
 Cast: Confusing Touch   |     1 |       |       ||     1
  Use: Scroll            |     3 |     3 |     1 ||     7
       Potion            |     2 |     5 |     1 ||     8
  Eat: Chunk             |     3 |     5 |     1 ||     9
       Ration            |       |       |     1 ||     1
Armor: Robe              |    26 |    32 |    14 ||    72
       Skin              |       |    42 |       ||    42
Dodge: Dodged            |   102 |   122 |    45 ||   269
Block: Buckler           |    25 |    40 |    18 ||    83
